 Dungeon Crawl Stone Soup version 0.20.1-1-g8b1a95d (webtiles) character file.

83 tidbits the Insei (level 4, -2/35 HPs)
             Began as a Demigod Transmuter on Aug 11, 2017.
             Slain by a worker ant (3 damage)
             ... on level 4 of the Dungeon.
             The game lasted 00:08:01 (1160 turns).

tidbits the Insei (Demigod Transmuter)              Turns: 1160, Time: 00:08:01

Health: -2/35      AC:  7    Str: 16    XL:     4   Next: 2%
Magic:  4/9        EV: 11    Int: 19    God:
Gold:   84         SH:  0    Dex: 16    Spells: 3/6 levels left

rFire    + . .     SeeInvis .     - Unarmed
rCold    . . .     Gourm    .   (no shield)
rNeg     . . .     Faith    .   e - +0 ring mail {rF+}
rPois    .         Spirit   .   (no helmet)
rElec    +         Reflect  .   C - +1 cloak
rCorr    .         Harm     .   (no gloves)
MR       .....                  (boots currently unavailable)
Stlth    +.........             (no amulet)
Regen    0.2/turn               t - +3 ring of strength (curse)
MPRegen  0.2/turn               (no ring)

@: lethally poisoned (-2 -> -36), appendage (expiring)
A: talons 3, high mp 1, electricity resistance
a: End Transformation


You were on level 4 of the Dungeon.
You were hungry.
You had grown temporary talons.
You visited 1 branch of the dungeon, and saw 4 of its levels.

You collected 84 gold pieces.

Inventory:

Hand Weapons
 p - a +0 hunting sling
Missiles
 a - 6 arrows
 f - 116 stones (quivered)
 o - a throwing net {!f}
Armour
 b - a +0 robe
 e - a +0 ring mail of fire resistance (worn)
   (You found it on level 1 of the Dungeon)
 C - a +1 cloak (worn)
Jewellery
 t - a cursed +3 ring of strength (left hand)
   (You found it on level 3 of the Dungeon)
Wands
 m - a wand of scattershot (7/9)
Scrolls
 i - 2 scrolls of identify {unknown}
 l - a scroll of teleportation {unknown}
 q - a scroll of remove curse {unknown}
 r - a scroll of noise {unknown}
Potions
 g - a potion of berserk rage {unknown}
 h - a potion of mutation {!q}
 n - 2 potions of curing {unknown}
Books
 c - a book of Changes

   Spells                             Type                      Level
   a - Beastly Appendage              Transmutation                1
   b - Sticks to Snakes               Transmutation                2
   c - Spider Form                    Transmutation/Poison         3
   d - Ice Form                       Ice/Transmutation            4
   e - Blade Hands                    Transmutation                5
Comestibles
 d - a bread ration
 j - 2 fruits
 k - a royal jelly
 s - a chunk of flesh


   Skills:
 - Level 1.1 Fighting
 - Level 2.0 Dodging
 + Level 4.3 Unarmed Combat
 - Level 1.9 Spellcasting
 - Level 2.0 Transmutations


You had 3 spell levels left.
You knew the following spells:

 Your Spells              Type           Power        Failure   Level  Hunger
e - Beastly Appendage     Tmut           #.....       14%         1    #......
k - Sticks to Snakes      Tmut           #.......     22%         2    ###....


Dungeon Overview and Level Annotations

Branches:
Dungeon (4/15)
 Temple: D:4-7

Annotations:
D:2 1 runed door


Innate Abilities, Weirdness & Mutations

You have an increased reservoir of magic. (+10% MP)
You have claws for feet.
You are resistant to electric shocks. (rElec)


Message History

You hit the worker ant but do no damage.
The adder bites you.
Your ball python bites the worker ant but does no damage.
Your ball python grabs the worker ant.
Your ball python constricts the worker ant.
The worker ant bites you but does no damage.
You hit the worker ant.
You claw the worker ant, but do no damage.
The worker ant is lightly wounded.
The adder closely misses you.
Your ball python bites the worker ant but does no damage.
Your ball python constricts the worker ant.
The worker ant bites you but does no damage.
The adder barely misses you.
You hit the worker ant but do no damage.
You claw the worker ant.
The worker ant is moderately wounded.
Your ball python bites the worker ant but does no damage.
Your ball python constricts the worker ant.
The adder closely misses you. The worker ant bites you.
You hit the worker ant but do no damage.
The worker ant is moderately wounded.
You are feeling hungry.
Your ball python barely misses the worker ant.
Your ball python constricts the worker ant.
The adder barely misses you. The worker ant bites you.
You barely miss the worker ant.
You claw the worker ant, but do no damage.
The worker ant is moderately wounded.
Your ball python bites the worker ant but does no damage.
Your ball python constricts the worker ant.
The adder misses you.
The worker ant bites you but does no damage.
You hit the worker ant.
The worker ant is heavily wounded.
The adder bites you but does no damage.
Your ball python bites the worker ant.
Your ball python constricts the worker ant.
The worker ant bites your ball python!
Your ball python dies!
The worker ant twitches its antennae in your direction.
Casting: Sticks to Snakes
Confirm with . or Enter, or press ? or * to list all spells.
You create a snake!
You now have 6 arrows.
Your transformation is almost over.
The adder closely misses you. The worker ant bites you. The adder misses you.
You hit the adder.
The adder is lightly wounded.
The worker ant bites you.
You are poisoned.
The worker ant poisons you! The adder bites you.
You are more poisoned.
The adder poisons you!
Your ball python barely misses the adder.
Your ball python misses the adder.
The worker ant bites you.
You are lethally poisoned!
The worker ant poisons you!
Unknown command.
You hit the adder.
The adder is severely wounded.
* * * LOW HITPOINT WARNING * * *
You feel sick. The adder bites you.
* * * LOW HITPOINT WARNING * * *
You are more poisoned.
The adder poisons you!
Your ball python bites the adder.
Your ball python closely misses the adder.
The worker ant barely misses you.
Unknown command.
You barely miss the adder.
The adder is severely wounded.
* * * LOW HITPOINT WARNING * * *
You feel sick. The adder barely misses you.
Your ball python bites the adder but does no damage.
Your ball python misses the adder.
The worker ant completely misses you.
Unknown command.
You closely miss the adder. You claw the adder.
You kill the adder!
You have reached level 4!
* * * LOW HITPOINT WARNING * * *
You feel sick. The worker ant bites you.
* * * LOW HITPOINT WARNING * * *
You are more poisoned.
The worker ant poisons you!
You hit the worker ant but do no damage.
You claw the worker ant.
The worker ant is severely wounded.
* * * LOW HITPOINT WARNING * * *
You feel sick. The worker ant bites you.
* * * LOW HITPOINT WARNING * * *
You are more poisoned.
The worker ant poisons you!
Unknown command.
You closely miss the worker ant.
The worker ant is severely wounded.
* * * LOW HITPOINT WARNING * * *
You feel sick.
Your ball python barely misses the worker ant.
Your ball python grabs the worker ant.
Your ball python constricts the worker ant.
The worker ant bites you.
You die...

.? #. ####.####
#.......#
#.......#
#.......#######
#....!.S†......
#.....a@#
#......<#
#.?..#### #...
###


You could see a worker ant and a friendly ball python.

Vanquished Creatures
  Terence (D:3)
  3 adders
  An ooze (D:1)
  A worm (D:3)
  A leopard gecko (D:2)
  2 giant cockroaches
  3 goblins
  3 hobgoblins
  A kobold (D:1)
  A quokka (D:3)
  2 bats
  2 frilled lizards
  6 rats
27 creatures vanquished.

Vanquished Creatures (collateral kills)
  A quokka (D:3)
1 creature vanquished.

Grand Total: 28 creatures vanquished

Notes
Turn   | Place    | Note
-------+----------+-------------------------------------------
     0 | D:1      | tidbits the Demigod Transmuter began the quest for the Orb.
     0 | D:1      | Reached XP level 1. HP: 15/15 MP: 5/5
   137 | D:2      | Gained mutation: You are resistant to electric shocks. (rElec) [potion of mutation]
   149 | D:2      | Reached skill level 1 in Fighting
   149 | D:2      | Reached skill level 2 in Dodging
   149 | D:2      | Reached skill level 2 in Transmutations
   162 | D:2      | Reached XP level 2. HP: 14/23 MP: 5/7
   168 | D:2      | Learned a level 2 spell: Sticks to Snakes
   205 | D:2      | Found a stormy altar of Qazlal.
   271 | D:1      | Reached skill level 3 in Unarmed Combat
   518 | D:2      | Reached XP level 3. HP: 26/28 MP: 4/8
   618 | D:2      | Found a runed door.
  1013 | D:3      | Noticed Terence
  1023 | D:3      | Killed Terence
  1023 | D:3      | Reached skill level 4 in Unarmed Combat
  1158 | D:4      | Reached XP level 4. HP: 13/35 MP: 4/9
  1159 | D:4      | HP: 3/35 [worker ant (3)]
  1160 | D:4      | HP: 1/35 [poisoned by a worker ant]
  1160 | D:4      | Slain by a worker ant

Skill      XL: |  1  2  3 |
---------------+----------+-----
Fighting       | 1 |  1.1
Dodging        | 2 |  2.0
Transmutations | 2 |  2.0
Unarmed Combat | 3 4 |  4.3
Spellcasting   | |  1.9

Action                   |  1- 3 |  4- 6 || total
-------------------------+-------+-------++-------
Melee: Unarmed           |    80 |     2 ||    82
       Kick              |    14 |     1 ||    15
       Headbutt          |     3 |       ||     3
 Cast: Beastly Appendage |    19 |       ||    19
       Sticks to Snakes  |     6 |       ||     6
  Use: Potion            |     1 |       ||     1
 Stab: Distracted        |     1 |       ||     1
  Eat: Chunk             |     1 |       ||     1
Armor: Ring mail         |    34 |       ||    34
Dodge: Dodged            |    42 |       ||    42

Table legend:
 A = Turns spent in this place as a percentage of turns spent in the entire game.
 B = Non-inter-level travel turns spent in this place as a percentage of non-inter-level travel turns spent in the entire game.
 C = Inter-level travel turns spent in this place as a percentage of turns spent in this place.
 D = Turns resting spent in this place as a percentage of non-inter-level travel turns spent in this place.
 E = Turns spent auto-exploring this place as a percentage of non-inter-level travel turns spent in this place.
 F = Non-inter-level travel turns spent in this place divided by the number of levels of this place that you've seen.
                   A       B       C       D       E      F
               +-------+-------+-------+-------+-------+----------------------
         Total | 100.0 | 100.0 |   0.0 |   0.0 |   0.0 | 282.0
       Dungeon | 100.0 | 100.0 |   0.0 |   0.0 |   0.0 | 282.0
               +-------+-------+-------+-------+-------+----------------------

Table legend:
 A = Kills in this place as a percentage of kills in entire the game.
 B = Kills by you in this place as a percentage of kills by you in the entire game.
 C = Kills by friends in this place as a percentage of kills by friends in the entire game.
 D = Other kills in this place as a percentage of other kills in the entire game.
 E = Experience gained in this place as a percentage of experience gained in the entire game.
 F = Experience gained in this place divided by the number of levels of this place that you have seen.
                   A       B       C       D       E      F
               +-------+-------+-------+-------+-------+----------------------
         Total | 100.0 | 100.0 | 100.0 |  -nan | 100.0 |  29.8
       Dungeon | 100.0 | 100.0 | 100.0 |  -nan | 100.0 |  29.8
               +-------+-------+-------+-------+-------+----------------------

Vault maps used:
D:1:      minmay_arrival_split_and_join
D:2:      grunt_qazlal_sundering, uniq_crazy_yiuf_cottage
D:3:      uniq_terence
D:4:      lemuel_crystal_altar, marbit_many_paths, fedhas_altar_fruit_tree,
          uniq_blork_the_orc
